 Dungeon Crawl Stone Soup version 0.26-a0-935-g3624241d3c (webtiles) character file.

Game seed: 18076662902395917656

6908 strifetoe the Frost Mage (level 10, -12/60 HPs)
             Began as a Demonspawn Ice Elementalist on Nov 27, 2020.
             Was a Believer of Sif Muna.
             Mangled by an ancient lich (14 damage)
             ... while paralysed by an ancient lich
             ... on level 2 of the Abyss.
             The game lasted 00:23:40 (12890 turns).

strifetoe the Frost Mage (DsIE)                    Turns: 12890, Time: 00:23:40

Health: -12/60     AC: 17    Str:  8    XL:     10   Next: 79%
Magic:  12/23      EV:  2    Int: 20    God:    Sif Muna [**....]
Gold:   363        SH:  0    Dex: 10    Spells: 2/19 levels left

rFire    . . .     SeeInvis .   e - +1 short sword (venom)
rCold    . . .     Faith    .   p - +0 buckler
rNeg     . . .     Spirit   .   A - +1 steam dragon scales
rPois    .         Reflect  .   t - +0 helmet
rElec    .         Harm     .   l - +1 cloak
rCorr    .         Rampage  .   u - +2 pair of gloves
MR       .....     Rnd*Rage +   r - +0 pair of boots
Stlth    ++........             (no amulet)
HPRegen  0.20/turn              o - ring of wizardry
MPRegen  0.18/turn              q - ring of magical power

@: paralysed, lightly drained
A: claws 2, thin metallic scales 2, [berserk 2], [clumsy 2], [frail 2], [low mp
2], powered by death 1, [no potion heal 2], [subdued magic 3]
a: Channel Magic, Renounce Religion


You were on level 2 of the Abyss.
You worshipped Sif Muna.
Sif Muna was pleased with you.
You visited 2 branches of the dungeon, and saw 11 of its levels.
You visited the Abyss 1 time.

You collected 481 gold pieces.
You spent 118 gold pieces at shops.

Inventory:

Hand Weapons
 e - a +1 short sword of venom (weapon)
 y - a +2 flail of protection
 z - a +1 war axe of draining
Armour
 l - a +1 cloak (worn)
 p - a +0 buckler (worn)
 r - a +0 pair of boots (worn)
 t - a +0 helmet (worn)
 u - a +2 pair of gloves (worn)
 A - +1 steam dragon scales (worn)
 B - the +1 robe "Jewigeq" {rC+ Int+2}
   (You found it on level 6 of the Dungeon)

   It affects your intelligence (+2).
   It protects you from cold.
Jewellery
 d - an uncursed ring of see invisible
 j - an uncursed ring of flight
 o - a ring of wizardry (left hand)
 q - a ring of magical power (right hand)
Wands
 h - a wand of acid (13)
 F - a wand of flame (11)
 G - a wand of polymorph (9)
 H - a wand of iceblast (5)
Scrolls
 a - 2 scrolls of enchant armour
 k - 7 scrolls of remove curse
 v - 2 scrolls of amnesia
 C - 2 scrolls of identify
 D - 2 scrolls of magic mapping
Potions
 b - 3 potions of lignification
 c - 2 potions of curing
 f - a potion of invisibility {unknown}
 g - 2 potions of mutation
 m - a potion of might
 n - 3 potions of flight {unknown}
 s - 4 potions of attraction
 x - a potion of haste {unknown}


   Skills:
 + Level 5.6(5.4) Fighting
 - Level 3.0(2.8) Short Blades
 - Level 5.1(4.8) Armour
 - Level 5.5(5.2) Dodging
 - Level 1.7(1.5) Stealth
 - Level 4.6(4.3) Shields
 - Level 5.3(5.0) Spellcasting
 - Level 1.8(1.6) Conjurations
 - Level 4.3(4.1) Summonings
 - Level 9.0(8.7) Ice Magic


You had 2 spell levels left.
You knew the following spells:

 Your Spells              Type           Power        Failure   Level
a - Freeze                Ice            ###.         1%          1
b - Frozen Ramparts       Ice            ###...       1%          3
c - Ozocubu's Armour      Ice            ###.....     1%          3
d - Summon Ice Beast      Ice/Summ       ###.....     1%          4
e - Hailstorm             Conj/Ice       ##......     3%          4
f - Blink                 Tloc           N/A          4%          2

Your spell library contained the following spells:

 Spells                   Type           Power        Failure   Level
 Magic Dart               Conj           #...         1%          1
 Call Imp                 Summ           ##......     1%          2
 Slow                     Hex            #.......     4%          2
 Conjure Flame            Conj/Fire      #.......     6%          3
 Mephitic Cloud           Conj/Pois/Air  #.......     7%          3


Dungeon Overview and Level Annotations

Branches:
Dungeon (10/15)            Temple (1/1) D:5            Lair (0/6) D:8
    Orc (0/2) D:9

Altars:
Ashenzari
Cheibriados
Dithmenos
Elyvilon
Fedhas
Gozag
Hepliaklqana
Kikubaaqudgha
Makhleb
Nemelex Xobeh
Okawaru
Qazlal
Ru
Sif Muna
Trog
Uskayaw
Vehumet
Wu Jian
Xom
Yredelemnul
Zin
The Shining One

Shops:
D:5 *   D:6 *   D:8 }}   D:9 (

Annotations:
D:10 Erolcha


Innate Abilities, Weirdness & Mutations

You have very sharp fingernails.
You are mostly covered in thin metallic scales. (AC +3)
You regenerate a little health from kills.
[You often lose your temper in combat.]
[You are very clumsy. (Dex -4)]
[You are very frail. (-20% HP)]
[Your magical capacity is very low. (-20% MP)]
[Potions are poor at restoring your health.]
[Your spells are much easier to cast, but much less powerful.]


Message History

The ancient lich touches you!
* * * LOW HITPOINT WARNING * * *
The ancient lich touches you.
* * * LOW HITPOINT WARNING * * *
You closely miss the ancient lich. The ancient lich barely misses you.
You barely miss the ancient lich.
The ancient lich touches you but does no damage. x2
Unknown command.
You closely miss the ancient lich. The ancient lich casts a spell at you.
You suddenly lose the ability to move!
The ancient lich touches you.
* * * LOW HITPOINT WARNING * * *
You feel drained.
The wretched star pulses with an eldritch light!
Your connection to magic feels nearly dormant.
You feel frail. x2
The ancient lich touches you but does no damage. x2
The ancient lich touches you!
You die...

# ....
....#.Y.3W.#
# . #.#...
#.# ## #.
#...#ยง
#.#..#. ..
#### ###.
#..#.###. #
# # . W.#
..##...####
...## . ..
....#.## ...
# . .#.
.....W# . #
... ##.#*L##
. #.# . . .#
. # .###@#
#.### . #..
.#$ ### .. .
. .##.# # .
.... . . .#
# . .# #. ..
.# . # . . #


You could see an ancient lich (fast), a wretched star and a freezing wraith.

Vanquished Creatures
  An ugly thing (D:8)
  An elephant (D:8)
  Maggie (D:6)
  A troll (D:9)
  Grinder (D:7)
  A wraith (D:10)
  A yak (D:8)
  2 basilisks (D:8)
  Menkaure (D:6)
  Edmund (D:6)
  3 water moccasins
  Duvessa (D:6)
  2 sky beasts
  5 orc warriors
  4 ogres
  2 phantoms
  3 centaurs
  4 bullfrogs
  Dowan (D:6)
  5 killer bees (D:7)
  2 howler monkeys
  A centaur zombie (D:7)
  5 orc priests
  8 hounds
  4 jellies
  Crazy Yiuf (D:5)
  2 bullfrog skeletons
  A centaur skeleton (D:6)
  An iguana (D:6)
  6 orc wizards
  7 worker ants
  A hound skeleton (D:7)
  A worker ant zombie (D:8)
  6 gnolls
  6 adders
  2 shadow imps
  4 white imps
  3 ufetubi
  An ooze (D:4)
  An adder zombie (D:5)
  3 worms
  2 dart slugs
  7 leopard geckos
  27 orcs
  A ball python (D:3)
  6 giant cockroaches
  4 goblins
  4 hobgoblins
  5 jackals
  3 kobolds
  3 quokkas
  5 bats
  7 frilled lizards
  A giant cockroach zombie (D:5)
  7 rats
189 creatures vanquished.

Vanquished Creatures (collateral kills)
  Harold (D:8)
  A large abomination (Abyss:2)
  An orc warrior (D:8)
  A black bear (D:10)
  An eye of draining (D:8)
  A killer bee (D:7)
  An orc wizard (D:8)
  An iguana (D:8)
  A white imp (D:8)
  An orc (D:8)
10 creatures vanquished.

Vanquished Creatures (others)
  10 plants
10 creatures vanquished.

Grand Total: 209 creatures vanquished

Notes
Turn   | Place    | Note
-------+----------+-------------------------------------------
     0 | D:1      | strifetoe the Demonspawn Ice Elementalist began the quest
                  | for the Orb.
     0 | D:1      | Reached XP level 1. HP: 13/13 MP: 3/3
   394 | D:1      | You fall into a shaft and drop 1 floor!
   417 | D:2      | Reached skill level 4 in Ice Magic
   417 | D:2      | Gained mutation: You have sharp fingernails. [demonic
                  | ancestry]
   417 | D:2      | Reached XP level 2. HP: 9/19 MP: 0/5
   788 | D:2      | Found a blossoming altar of Fedhas.
   788 | D:2      | Found a shimmering altar of Xom.
   791 | D:2      | Found an ancient bone altar of Kikubaaqudgha.
   802 | D:2      | HP: 1/20 [poisoned by an adder]
   805 | D:2      | Reached skill level 1 in Fighting
  1440 | D:2      | Gained mutation: You are partially covered in thin metallic
                  | scales. (AC +2) [demonic ancestry]
  1440 | D:2      | Reached XP level 3. HP: 26/27 MP: 6/6
  1706 | D:2      | Found a sacrificial altar of Ru.
  2026 | D:2      | Learned a level 3 spell: Frozen Ramparts
  2309 | D:3      | Found a sparkling altar of Nemelex Xobeh.
  2994 | D:4      | Noticed an ogre
  3016 | D:4      | Killed an ogre
  3017 | D:4      | Reached XP level 4. HP: 16/37 MP: 3/7
  3017 | D:4      | Gained mutation: You are mostly covered in thin metallic
                  | scales. (AC +3) [demonic ancestry]
  3017 | D:4      | Reached XP level 5. HP: 19/42 MP: 3/8
  3366 | D:4      | Reached skill level 1 in Short Blades
  3366 | D:4      | Reached skill level 1 in Shields
  3522 | D:4      | HP: 1/42 [orc priest/divine providence (9)]
  3898 | D:4      | Reached XP level 6. HP: 42/48 MP: 9/9
  4154 | D:4      | Learned a level 3 spell: Ozocubu's Armour
  4180 | D:4      | Found an opulent altar of Gozag.
  4673 | D:5      | Entered Level 5 of the Dungeon
  4709 | D:5      | Gained mutation: You regenerate a little health from kills.
                  | [demonic ancestry]
  4709 | D:5      | Reached XP level 7. HP: 54/54 MP: 10/10
  4722 | D:5      | Found a staircase to the Ecumenical Temple.
  4748 | Temple   | Entered the Ecumenical Temple
  4824 | Temple   | Became a worshipper of Sif Muna the Loreminder
  5351 | D:4      | Reached skill level 5 in Ice Magic
  5479 | D:4      | Reached XP level 8. HP: 60/60 MP: 11/11
  5553 | D:5      | Found Foastru Bape's Assorted Antiques.
  5557 | D:5      | Bought a fizzy blue potion for 18 gold pieces
  5557 | D:5      | Bought a green potion for 18 gold pieces
  5557 | D:5      | Bought a scroll labelled FIYMOILUYP for 21 gold pieces
  5557 | D:5      | Bought a fizzy blue potion for 18 gold pieces
  5818 | D:5      | Found a runed translucent door.
  5819 | D:5      | Noticed Crazy Yiuf
  5873 | D:5      | Noticed Grinder
  5979 | D:5      | Killed Crazy Yiuf
  6088 | D:6      | Reached skill level 6 in Ice Magic
  6263 | D:6      | Found Nebeh's Assorted Antiques.
  6271 | D:6      | Bought a scroll labelled HAOPAIWNAS for 23 gold pieces
  6271 | D:6      | Bought a sedimented coppery potion for 20 gold pieces
  6394 | D:6      | Noticed Menkaure
  6420 | D:6      | Killed Menkaure
  6554 | D:6      | Reached skill level 7 in Ice Magic
  6636 | D:6      | Noticed Edmund
  6660 | D:6      | Killed Edmund
  6897 | D:6      | Noticed Maggie
  6914 | D:6      | Killed Maggie
  6915 | D:6      | Reached skill level 8 in Ice Magic
  6934 | D:6      | Got a sheer robe
  6948 | D:6      | Identified the +1 robe "Jewigeq" {rC+ Int+2} (You found it
                  | on level 6 of the Dungeon)
  7073 | D:6      | Noticed Duvessa
  7073 | D:6      | Noticed Dowan
  7092 | D:6      | Killed Duvessa
  7100 | D:6      | Killed Dowan
  7106 | D:6      | Learned a level 4 spell: Summon Ice Beast
  7233 | D:7      | Reached XP level 9. HP: 61/65 MP: 12/12
  7252 | D:7      | Reached skill level 1 in Summonings
  7294 | D:7      | Reached skill level 9 in Ice Magic
  7737 | D:7      | Reached * piety under Sif Muna
  7772 | D:7      | Killed Grinder
  9031 | D:7      | Found a glowing silver altar of Zin.
  9122 | D:7      | Learned a level 4 spell: Hailstorm
  9214 | D:8      | Found a staircase to the Lair.
  9214 | D:8      | Noticed an elephant
  9222 | D:8      | Reached skill level 1 in Armour
  9226 | D:8      | Killed an elephant
  9227 | D:8      | Gained mutation: You have very sharp fingernails. [demonic
                  | ancestry]
  9227 | D:8      | Reached XP level 10. HP: 52/72 MP: 3/17
  9268 | D:8      | Reached skill level 5 in Spellcasting
  9543 | D:8      | Found Momito's Gadget Shoppe.
  9625 | D:8      | Found a hide-covered altar of Uskayaw.
  9649 | D:8      | Reached ** piety under Sif Muna
  9904 | D:8      | Learned a level 2 spell: Blink
 10062 | D:8      | Found Buxti's Gadget Shop.
 10225 | D:8      | Found a radiant altar of Vehumet.
 10227 | D:8      | Noticed a red ugly thing
 10228 | D:8      | Noticed Harold
 10612 | D:8      | Killed a red ugly thing
 10630 | D:8      | Killed Harold
 10631 | D:8      | Reached skill level 5 in Dodging
 10893 | D:9      | Found a staircase to the Orcish Mines.
 10970 | D:9      | Reached skill level 5 in Armour
 11140 | D:9      | Found Haako's Hydra Hut.
 11140 | D:9      | Noticed a seven-headed hydra
 11202 | D:9      | Reached skill level 1 in Conjurations
 11926 | D:10     | Entered Level 10 of the Dungeon
 12226 | D:10     | Reached skill level 5 in Fighting
 12313 | D:10     | Noticed Erolcha
 12554 | D:10     | Cast into level 2 of the Abyss (Erolcha)
 12604 | Abyss:2  | Noticed a bone dragon
 12750 | Abyss:2  | Found an ancient bone altar of Kikubaaqudgha.
 12755 | Abyss:2  | Noticed a starcursed mass
 12764 | Abyss:2  | Noticed a rakshasa
 12764 | Abyss:2  | Noticed a large abomination
 12765 | Abyss:2  | Noticed a necromancer
 12833 | Abyss:2  | Noticed a wretched star
 12836 | Abyss:2  | Noticed a smoke demon
 12873 | Abyss:2  | Noticed an ancient lich
 12884 | Abyss:2  | HP: 3/76 [ancient lich (4)]
 12887 | Abyss:2  | Paralysed by an ancient lich for 6 turns
 12890 | Abyss:2  | Mangled by an ancient lich

Illustrated notes

Levels and vault maps discovered:
D:1:      dpeg_arrival_simpleton_b, layout_rooms
D:2:      layout_loops_ring, overflow_temple_1_default,
          chequers_temple_overflow_statue_of_worship, serial_co_window_serial,
          co_window_paths_a, co_window_of_opportunity_a, co_window_paths_b,
          co_window_corner_a, co_window_corner_a, co_window_corner_a,
          co_window_unsneaky_path_c, co_window_broadway_c,
          co_window_of_opportunity_b, co_window_cross_2, co_window_4corner_b,
          hangedman_decor_clover_reticule, chequers_serial_rivers_large_a,
          nicolae_ru_the_path_less_chosen
D:3:      layout_rooms, nemelex_xobeh_ov_fountains_minmay
D:4:      layout_basic, overflow_temple_1_default
D:5:      layout_basic, minmay_temple_entry_arrows, serial_shops, shop,
          uniq_grinder, uniq_crazy_yiuf_cottage
D:6:      layout_cave_pools, serial_shops, shop_fountains, minmay_lizard_king,
          uniq_edmund, uniq_duvessa, uniq_menkaure, uniq_maggie
D:7:      layout_cave_pools, general_overflow_altar
D:8:      layout_basic, vehumet_altar_wand_db, kennysheep_little_box,
          david_lair_generic, serial_shops, shop, kennysheep_small_square,
          uniq_harold
D:9:      layout_basic, david_orc_2, doesnt_shop_hydraphobe
D:10:     layout_cave_pods, uniq_erolcha, uniq_fannar
Temple:   cyrus_circular_temple
Abyss:2:  base: Temple, lemuel_flamethrower_3

Skill      XL: |  1  2  3  4  5  6  7  8  9 10 |
---------------+-------------------------------+-----
Ice Magic      | 4 5 8 9 |  9.0
Fighting       | 1 4 5 |  5.6
Short Blades   | 1 3 |  3.0
Shields        | 1 3 4 |  4.6
Summonings     | 4 |  4.3
Spellcasting   | 4 5 |  5.3
Dodging        | 3 5 |  5.5
Armour         | 2 5 |  5.1
Conjurations   | 1 |  1.8
Stealth        | |  1.7

Action                   |  1- 3 |  4- 6 |  7- 9 | 10-12 || total
-------------------------+-------+-------+-------+-------++-------
Melee: Short sword       |    92 |   130 |   348 |   272 ||   842
       Unarmed           |     3 |       |       |       ||     3
 Cast: Freeze            |    16 |    12 |    23 |     5 ||    56
       Frozen Ramparts   |       |     1 |    14 |     8 ||    23
       Ozocubu's Armour  |       |       |     2 |       ||     2
       Summon Ice Beast  |       |       |     6 |    16 ||    22
       Hailstorm         |       |       |     6 |     3 ||     9
Evoke: Wand              |       |       |       |     3 ||     3
  Use: Potion            |     2 |     2 |     2 |     1 ||     7
       Scroll            |     7 |     2 |     8 |     5 ||    22
 Stab: Sleeping          |     6 |     1 |     3 |     2 ||    12
       Distracted        |       |       |     1 |     1 ||     2
Armor: Robe              |    26 |    51 |    74 |       ||   151
       Steam dragon scal |       |       |    92 |   138 ||   230
       Skin              |       |       |    12 |       ||    12
Dodge: Dodged            |    64 |    68 |   222 |   206 ||   560
Block: Buckler           |       |       |    86 |    65 ||   151

Table legend: (Time is in decaauts)
 A = Elapsed time spent in this place.
 B = Non-inter-level travel time spent in this place.
 C = Inter-level travel time spent in this place.
 D = Time resting spent in this place.
 E = Time spent auto-exploring this place.
 F = Levels seen in this place.
 G = Mean time per level.
                   A        B        C        D        E       F      G
               +--------+--------+--------+--------+--------+-----+--------+
         Total |  12887 |  12644 |    243 |   3684 |   6470 |  12 | 1073.9 |
       Dungeon |  12468 |  12225 |    243 |   3532 |   6470 |  10 | 1246.8 |
        Temple |     83 |     83 |      0 |      0 |      0 |   1 |   83.0 |
         Abyss |    335 |    335 |      0 |    152 |      0 |   1 |  335.0 |
               +--------+--------+--------+--------+--------+-----+--------+

Top non-repeatable levels by time:
     D:4: 1874 daAuts
     D:7: 1796 daAuts
     D:2: 1552 daAuts
     D:8: 1500 daAuts
     D:6: 1413 daAuts
     D:9: 1261 daAuts
     D:5: 1233 daAuts
     D:3: 872 daAuts
     D:1: 535 daAuts
    D:10: 427 daAuts
 Abyss:2: 335 daAuts
  Temple: 83 daAuts
